 Dungeon Crawl Stone Soup version 0.19.4-12-gccf7e64 (console) character file.

4487 Grinner the Blocker (level 10, -6/88 HPs)
             Began as a Troll Fighter on Feb 28, 2017.
             Mangled by a fire bat (7 damage)
             ... in a volcano.
             The game lasted 00:24:00 (6806 turns).

Grinner the Blocker (Troll Fighter)                 Turns: 6806, Time: 00:24:00

Health: -6/88      AC:  6    Str: 28    XL:     10   Next: 16%
Magic:  9/9        EV: 15    Int: 12    God:
Gold:   239        SH: 12    Dex: 14    Spells: 3 memorised, 3 levels left

rFire  . . .     SeeInvis .       - Unarmed
rCold  . . .     Gourm    +     a - +0 robe
rNeg   . . .     Faith    +     b - +0 shield
rPois  .         Spirit   .     (helmet restricted)
rElec  .         Reflect  .     e - +0 cloak
rCorr  .         Harm     .     (gloves unavailable)
MR     .....                    (boots unavailable)
Stlth  ++........               n - amulet of faith
                                (no ring)
                                y - +2 ring of strength

@: brilliant, agile, about to teleport, very slightly contaminated, hasted,
repel missiles, very quick
A: unfitting armour, claws 3, fast metabolism 3, gourmand, mutation resistance
1, regeneration 1, shaggy fur 1, tough skin 2
a: no special abilities


You were in a volcano.
You were very full.

You visited 2 branches of the dungeon, and saw 9 of its levels.
You also visited: Sewer and Volcano.

You collected 434 gold pieces.
You spent 195 gold pieces at shops.

Inventory:

Armour
 a - a +0 robe (worn)
 b - a +0 shield (worn)
 e - a +0 cloak (worn)
Jewellery
 n - an amulet of faith (around neck)
 y - a +2 ring of strength (left claw)
Scrolls
 c - a scroll of enchant armour
 g - 2 scrolls of recharging
 k - 4 scrolls of fog
 o - 3 scrolls of enchant weapon
 p - 2 scrolls of amnesia
 r - a scroll of remove curse
 w - a scroll of teleportation
 x - 2 scrolls of magic mapping
 C - a scroll of identify
Potions
 i - 2 potions of haste
 j - 2 potions of brilliance
 t - 2 potions of lignification
 v - 3 potions of magic
 E - a potion of might
Books
 s - a book of Geomancy

   Spells                             Type                      Level
   a - Sandblast                      Earth                        1
   b - Passwall                       Transmutation/Earth          2
   c - Stone Arrow                    Conjuration/Earth            3
   d - Petrify                        Transmutation/Earth          4
   e - Lee's Rapid Deconstruction     Earth                        5
 u - a book of Conjurations

   Spells                             Type                      Level
   a - Magic Dart                     Conjuration                  1
   b - Searing Ray                    Conjuration                  2
   c - Dazzling Spray                 Conjuration/Hexes            3
   d - Fulminant Prism                Conjuration/Hexes            4
   e - Iskenderun's Mystic Blast      Conjuration                  4
   f - Iskenderun's Battlesphere      Conjuration/Charms           5
 A - a book of Air

   Spells                             Type                      Level
   a - Shock                          Conjuration/Air              1
   b - Swiftness                      Charms/Air                   2
   c - Repel Missiles                 Charms/Air                   2
   d - Static Discharge               Conjuration/Air              3
   e - Lightning Bolt                 Conjuration/Air              5
Comestibles
 h - 3 beef jerkies
 l - 4 fruits
 q - 5 chunks of flesh
 z - 3 meat rations
 D - 4 bread rations


   Skills:
 - Level 2.4 Fighting
 - Level 2.4 Dodging
 * Level 8.6 Shields
 + Level 7.2 Unarmed Combat
 + Level 1.5 Charms
 + Level 4.0 Transmutations
 + Level 1.6 Air Magic
 + Level 4.8 Earth Magic


You had 3 spell levels left.
You knew the following spells:

 Your Spells              Type           Power        Failure   Level  Hunger
m - Repel Missiles        Chrm/Air       ##....       3%          2    ###....
p - Passwall              Tmut/Erth      ###.......   1%          2    ###....
s - Swiftness             Chrm/Air       ##......     3%          2    ###....


Dungeon Overview and Level Annotations

Branches:
Dungeon (8/15)             Temple (0/1) D:7            Lair (1/6) D:8

Altars:
Dithmenos
Gozag
Hepliaklqana
Nemelex Xobeh
Ru
Trog
Vehumet
Yredelemnul

Shops:
D:6 ?!*(*


Innate Abilities, Weirdness & Mutations

You are too large for most types of armour.
You have claws for hands.
Your metabolism is lightning-fast.
You like to eat raw meat.
Your natural rate of healing is unusually fast.
You are covered in fur. (AC +1)
You have very tough skin. (AC +2)
You are somewhat resistant to further mutation.


Message History

You are too injured to fight recklessly!
You barely miss the fire bat.
The fire bat bites you but does no damage.
The fire bat bites you.
* * * LOW HITPOINT WARNING * * *
You are engulfed in flames!
* * * LOW HITPOINT WARNING * * *
Okay, then.
As you read the scroll of teleportation, it crumbles to dust.
You feel strangely unstable. You block the fire bat's attack. x2
You miss the fire bat.
The fire bat bites you but does no damage.
The fire bat closely misses you.
Okay, then.
You barely miss the fire bat.
The fire bat is heavily wounded.
You block the fire bat's attack. The fire bat bites you.
* * * LOW HITPOINT WARNING * * *
You are engulfed in flames!
You die...

### ##.#### ##.....##
##.......#
##.......##
##..§......##
##b....≈.....##
#@b....§≈§....###
##.....S≈≈≈......##
#.....S≈≈≈§≈≈......
##....S≈≈§≈≈≈≈§...##
#.....§≈§≈§§≈≈≈..###
##....≈≈§§§§§≈≈≈≈.#.#
#.....§§§≈§§§≈≈≈.##..
#...≈≈≈≈§§≈§§≈≈§.#∩..
#..≈≈≈≈§≈≈≈§≈≈≈§.##..


You could see 2 fire bats and 3 lava snakes.

Vanquished Creatures
  A hippogriff (D:7)
  A spriggan (D:8)
  A wyvern (D:8)
  2 fire bats (Volcano)
  A porcupine (Lair:1)
  3 ice beasts (D:7)
  A sky beast (D:7)
  A necrophage (D:8)
  2 orc warriors
  A black bear (D:6)
  2 ogres
  3 centaurs
  A big kobold (D:6)
  2 bullfrogs
  A gnoll sergeant (D:7)
  An elf skeleton (D:8)
  4 scorpions
  6 killer bees (D:8)
  9 wights
  2 howler monkeys
  A bullfrog zombie (D:7)
  2 centaur zombies
  2 orc priests
  2 bullfrog skeletons
  2 hounds
  3 human zombies (D:8)
  6 orc wizards
  A human skeleton (D:8)
  3 iguanas
  3 worker ants
  A killer bee zombie (D:5)
  An ogre zombie (D:8)
  3 hound zombies
  3 hound skeletons
  2 mummies (D:8)
  A howler monkey zombie (D:5)
  A worker ant zombie (D:5)
  14 gnolls
  14 adders
  A shadow imp (D:6)
  An adder skeleton (D:5)
  A worm (D:5)
  A dart slug (D:4)
  7 leopard geckos
  28 orcs
  7 ball pythons
  9 bats
  6 giant cockroaches
  5 goblins
  13 hobgoblins
  7 jackals
  17 kobolds
  3 quokkas
  A ball python skeleton (D:5)
  5 frilled lizards
  A jackal zombie (D:5)
  An orc zombie (D:8)
  8 rats
  5 plants (Sewer)
237 creatures vanquished.

Vanquished Creatures (others)
  A plant (Sewer)
1 creature vanquished.

Grand Total: 238 creatures vanquished

Notes
Turn   | Place    | Note
-------+----------+-------------------------------------------
     0 | D:1      | Grinner the Troll Fighter began the quest for the Orb.
     0 | D:1      | Reached XP level 1. HP: 22/22 MP: 0/0
    77 | D:1      | Reached XP level 2. HP: 28/29 MP: 1/1
   144 | D:1      | Reached skill level 3 in Shields
   337 | D:1      | Reached XP level 3. HP: 35/36 MP: 2/2
   781 | D:2      | Reached XP level 4. HP: 44/44 MP: 3/3
  1185 | D:3      | Reached skill level 4 in Shields
  1239 | D:3      | Found a hazy altar of Hepliaklqana.
  1377 | D:3      | Reached XP level 5. HP: 44/50 MP: 4/4
  2067 | D:4      | Found a radiant altar of Vehumet.
  2069 | D:4      | Found a sparkling altar of Nemelex Xobeh.
  2069 | D:4      | Found a shadowy altar of Dithmenos.
  2078 | D:4      | Reached skill level 5 in Shields
  2078 | D:4      | Reached XP level 6. HP: 52/59 MP: 5/5
  2111 | D:4      | Found an opulent altar of Gozag.
  2111 | D:4      | Found a sacrificial altar of Ru.
  2172 | D:4      | Learned a level 2 spell: Passwall
  2658 | D:4      | Reached XP level 7. HP: 66/66 MP: 6/6
  2760 | D:5      | Entered Level 5 of the Dungeon
  2848 | D:5      | Found a glowing drain.
  2852 | Sewer    | Entered a sewer
  3768 | D:5      | Reached skill level 1 in Transmutations
  3843 | D:5      | Reached skill level 1 in Earth Magic
  4056 | D:5      | Reached skill level 6 in Shields
  4093 | D:5      | You fall through a shaft for 3 floors!
  4169 | D:7      | Noticed a hippogriff
  4176 | D:7      | Killed a hippogriff
  4237 | D:7      | Reached skill level 5 in Unarmed Combat
  4237 | D:7      | Reached XP level 8. HP: 57/74 MP: 7/7
  4256 | D:7      | Found a staircase to the Ecumenical Temple.
  4282 | D:6      | Found Qiem's Distillery.
  4287 | D:6      | Bought a potion of mutation for 35 gold pieces
  4287 | D:6      | Bought a potion of heal wounds for 70 gold pieces
  4287 | D:6      | Gained mutation: You are somewhat resistant to further mutation. [potion of mutation]
  4329 | D:6      | Found Rotam's General Store.
  4529 | D:6      | Reached skill level 7 in Shields
  4684 | D:6      | Found Ifemocuq's General Store.
  4692 | D:6      | Bought a scroll of enchant armour for 90 gold pieces
  4698 | D:6      | Found a bloodstained altar of Trog.
  4934 | D:6      | Found Neosecwu's Antique Weapon Boutique.
  4960 | D:6      | Found Ymup's Magic Scroll Shop.
  5083 | D:7      | Reached XP level 9. HP: 37/80 MP: 8/8
  5635 | D:7      | Reached skill level 8 in Shields
  5829 | D:8      | Learned a level 2 spell: Repel Missiles
  5832 | D:8      | Learned a level 2 spell: Swiftness
  5966 | D:8      | Found a staircase to the Lair.
  6273 | D:8      | Reached skill level 1 in Air Magic
  6407 | D:8      | Reached skill level 1 in Charms
  6576 | D:8      | Reached XP level 10. HP: 82/86 MP: 9/9
  6577 | D:8      | Found a basalt altar of Yredelemnul.
  6673 | Lair:1   | Entered Level 1 of the Lair of Beasts
  6719 | Lair:1   | Found a dark tunnel.
  6725 | Volcano  | Entered a volcano
  6802 | Volcano  | HP: 1/88 [fire bat (8)]
  6806 | Volcano  | Mangled by a fire bat

Skill      XL: |  1  2  3  4  5  6  7  8  9 10 |
---------------+-------------------------------+-----
Shields        | 3 4 5 6 7 8 |  8.6
Unarmed Combat | 3 4 5 6 7 |  7.2
Transmutations | 1 2 3 4 |  4.0
Earth Magic    | 2 3 4 |  4.8
Air Magic      | 1 |  1.6
Charms         | 1 |  1.5
Fighting       | |  2.4
Dodging        | |  2.4

Action                   |  1- 3 |  4- 6 |  7- 9 | 10-12 || total
-------------------------+-------+-------+-------+-------++-------
Melee: Unarmed           |   116 |   153 |   548 |    57 ||   874
 Cast: Repel Missiles    |       |       |       |     1 ||     1
  Use: Potion            |     1 |     1 |     7 |     9 ||    18
       Scroll            |       |     9 |     7 |     2 ||    18
 Stab: Sleeping          |       |       |     2 |       ||     2
  Eat: Chunk             |    12 |    17 |    31 |       ||    60
       Bread ration      |       |       |     2 |       ||     2
Armor: Robe              |    49 |    29 |    90 |    20 ||   188
       Skin              |       |       |    35 |       ||    35
Dodge: Dodged            |    31 |    47 |   160 |    42 ||   280
       Deflected         |       |       |       |     3 ||     3
Block: Shield            |    50 |    71 |   248 |    42 ||   411
